 Dungeon Crawl Stone Soup version 0.28-a0-983-g1de4e0787c (webtiles) character file.

Game seed: 3585247217216272091

17 Decritt the Skirmisher (level 2, -1/20 HPs)
             Began as a Gargoyle Fighter on Dec 3, 2021.
             Slain by Natasha (3 damage)
             ... on level 2 of the Dungeon.
             The game lasted 00:01:11 (1168 turns).

Decritt the Skirmisher (Gargoyle Fighter)           Turns: 1168, Time: 00:01:11

Health: -1/20      AC:  9    Str: 19    XL:     2   Next: 62%
Magic:  2/2        EV:  6    Int:  8    God:
Gold:   31         SH:  4    Dex:  9    Spells: 1/1 levels left

rFire   . . .      SeeInvis .   a - +0 flail
rCold   . . .      Faith    .   c - +0 buckler
rNeg    + . .      Spirit   .   b - +0 scale mail
rPois   ∞          Reflect  .   (no helmet)
rElec   +          Harm     .   (no cloak)
rCorr   .          Rampage  .   (no gloves)
Will    .....                   (no boots)
Stlth   ..........              (no amulet)
HPRegen 0.06/turn               (no ring)
MPRegen 0.08/turn               (no ring)

@: constricted
A: sickness immunity, AC +2, negative energy resistance 1, electricity
resistance, torment resistance 1, petrification resistance
a: no special abilities


You were on level 2 of the Dungeon.
You visited 1 branch of the dungeon, and saw 2 of its levels.

You collected 31 gold pieces.

Inventory:

Hand Weapons
 a - a +0 flail (weapon)
Armour
 b - a +0 scale mail (worn)
 c - a +0 buckler (worn)
Scrolls
 f - 2 scrolls of identify {unknown}
Potions
 d - a potion of might
 e - a potion of degeneration {unknown}
 g - a potion of magic {unknown}


   Skills:
 * Level 3.7 Fighting
 * Level 2.3 Maces & Flails
 + Level 3.4 Armour
 + Level 3.4 Shields


You had one spell level left.
You didn't know any spells.
Your spell library was empty.

Dungeon Overview and Level Annotations

Branches:
Dungeon (2/15)

Altars:

Annotations:
D:2 Natasha


Innate Abilities, Weirdness & Mutations

You are immune to sickness and miasma.
Your stone body is resilient. (AC +2)
You are immune to poison.
You resist negative energy. (rN+)
You are resistant to electric shocks. (rElec)
You are resistant to unholy torment.
You are immune to petrification.


Message History

Natasha is lightly wounded.
The ball python barely misses you. The ball python grabs you.
The ball python constricts you. You block Natasha's attack.
The ball python bites you but does no damage.
The ball python constricts you.
Natasha casts a spell.
You closely miss the ball python. The ball python barely misses you.
The ball python constricts you.
Natasha mumbles some strange words.
You block the iron imp's attack.
Unknown command.
You barely miss the ball python. You block the ball python's attack.
The ball python constricts you. Natasha claws you but does no damage.
The ball python barely misses you. The ball python constricts you.
The crimson imp barely misses you.
The iron imp hits you but does no damage.
You barely miss the ball python. The ball python bites you.
The ball python constricts you. Natasha claws you but does no damage.
The crimson imp hits you but does no damage.
The ball python bites you. The ball python constricts you.
* * * LOW HITPOINT WARNING * * *
Natasha claws you but does no damage. The iron imp completely misses you.
You closely miss Natasha.
Natasha is lightly wounded.
The crimson imp hits you.
* * * LOW HITPOINT WARNING * * *
The ball python bites you but does no damage.
The ball python constricts you. Natasha claws you.
* * * LOW HITPOINT WARNING * * *
The iron imp hits you.
* * * LOW HITPOINT WARNING * * *
The crimson imp hits you.
* * * LOW HITPOINT WARNING * * *
You sock Natasha!
Natasha is severely wounded.
The ball python barely misses you. The ball python constricts you.
Natasha wildly gestures.
Natasha shimmers violently.
Natasha claws you.
You die...

###############
.............# .
#.......#.#
#.#.....$.#.#
.##.#.........#######
.............<.......
.#.#S......#.#######
#.@5....#.#
#..h5........
######.####.#. ...#
#.#.# .... ... . .###
#.#


You could see an iron imp (summoned), Natasha, a crimson imp (summoned) and a
ball python.

Vanquished Creatures
  2 ball pythons (D:1)
  2 endoplasms (D:1)
  A giant cockroach (D:1)
  2 goblins (D:1)
  3 hobgoblins (D:1)
  2 kobolds (D:1)
  A quokka (D:1)
  A frilled lizard (D:1)
14 creatures vanquished.

Notes
Turn   | Place    | Note
-------+----------+-------------------------------------------
     0 | D:1      | Decritt the Gargoyle Fighter began the quest for the Orb.
     0 | D:1      | Reached XP level 1. HP: 14/14 MP: 1/1
   450 | D:1      | Reached XP level 2. HP: 19/19 MP: 2/2
  1155 | D:2      | Noticed Natasha
  1165 | D:2      | Noticed a crimson imp
  1168 | D:2      | Slain by Natasha

Illustrated notes

Levels and vault maps discovered:
D:1:      dpeg_arrival_round_b, layout_basic, st_stairs_4
D:2:      layout_loops_ring, nicolae_ecumenical_oubliette, uniq_natasha

Action                   || total
-------------------------++-------
Melee: Flail             ||    42
Armor: Scale mail        ||    20
Dodge: Dodged            ||    23
Block: Buckler           ||    15

Table legend: (Time is in decaauts)
 A = Elapsed time spent in this place.
 B = Non-inter-level travel time spent in this place.
 C = Inter-level travel time spent in this place.
 D = Time resting spent in this place.
 E = Time spent auto-exploring this place.
 F = Levels seen in this place.
 G = Mean time per level.
                   A        B        C        D        E       F      G
               +--------+--------+--------+--------+--------+-----+--------+
         Total |   1180 |   1138 |     42 |      0 |   1030 |   2 |  590.0 |
       Dungeon |   1180 |   1138 |     42 |      0 |   1030 |   2 |  590.0 |
               +--------+--------+--------+--------+--------+-----+--------+

Top non-repeatable levels by time:
     D:1: 1162 daAuts
     D:2: 18 daAuts
